 Dungeon Crawl Stone Soup version 0.31.0-12-g77e489cdc1 (webtiles) character file.

Game seed: 472774366653230119

17577 PaiMei the Artisan of Death (level 12, -1/97 HPs)
             Began as a Demonspawn Necromancer on Mar 7, 2024.
             Was a Priest of Kikubaaqudgha.
             Slain by an elephant (15 damage)
             ... on level 2 of the Lair of Beasts.
             The game lasted 00:24:15 (16291 turns).

PaiMei the Artisan of Death (DsNe)                 Turns: 16291, Time: 00:24:15

Health: -1/97      AC:  9    Str: 10    XL:     12   Next: 20%
Magic:  1/25       EV: 16    Int: 24    God:    Kikubaaqudgha [***...]
Gold:   691        SH:  6    Dex: 13    Spells: 14/30 levels left

rFire   + . .        z - +4 falchion (freeze)
rCold   + . .        (no shield)
rNeg    . . .        m - +2 robe of the Lotus Blossom {Int+4}
rPois   .            f - +1 hat
rElec   .            (cloak unavailable)
rCorr   .            a - +2 pair of gloves
SInv    .            h - +0 pair of boots
Will    .....        P - amulet of the acrobat
Stlth   ++           K - ring of protection from fire
HPRegen 0.36/turn    N - ring of protection from cold
MPRegen 0.38/turn

%: acrobat
@: about to teleport
A: large bone plates 2, magic regeneration, demonic magic 2, weakness stinger 3
a: Renounce Religion, Unearth Wretches


You were on level 2 of the Lair of Beasts.
You worshipped Kikubaaqudgha.
Kikubaaqudgha was most pleased with you.
You visited 2 branches of the dungeon, and saw 12 of its levels.
You also visited: Ossuary.

You collected 691 gold pieces.

Inventory:

Hand Weapons
 t - a +2 heavy flail
 z - a +4 falchion of freezing (weapon)
 L - a +4 quarterstaff of chaos
 Q - a +6 halberd
Missiles
 l - 14 poisoned darts (quivered)
 u - 2 throwing nets
Armour
 a - a +2 pair of gloves (worn)
 f - a +1 hat (worn)
 h - a +0 pair of boots (worn)
 m - the +2 robe of the Lotus Blossom (worn) {Int+4}
   (You found it on level 2 of the Dungeon)

   Int+4:     It affects your intelligence (+4).
 o - a +0 robe of resistance
 J - a +0 kite shield
 R - a +0 troll leather armour
Jewellery
 K - a ring of protection from fire (left hand)
 N - a ring of protection from cold (right hand)
 P - an amulet of the acrobat (around neck)
Wands
 d - a wand of roots (28)
 r - a wand of charming (10)
 B - a wand of mindburst (17)
 C - a wand of digging (6)
 O - a wand of polymorph (8)
 T - a wand of flame (6)
Scrolls
 c - 2 scrolls of noise
 e - 6 scrolls of teleportation
 i - 4 scrolls of revelation {unknown}
 j - 5 scrolls of vulnerability
 n - 2 scrolls of torment {unknown}
 q - a scroll of enchant armour {unknown}
 y - a scroll of amnesia {unknown}
 F - 2 scrolls of poison {unknown}
 G - 3 scrolls of fog
 I - a scroll of blinking {unknown}
 M - a scroll of enchant weapon {unknown}
 S - a scroll of immolation {unknown}
Potions
 b - a potion of magic
 g - 5 potions of enlightenment
 p - 8 potions of curing
 s - a potion of cancellation {unknown}
 v - 6 potions of brilliance
 w - 3 potions of attraction
 x - 3 potions of haste
 A - a potion of berserk rage {unknown}
 D - a potion of invisibility {unknown}
 E - 2 potions of lignification
 H - a potion of heal wounds


   Skills:
 + Level 10.1 Fighting
 - Level 9.0 Dodging
 - Level 2.0 Stealth
 + Level 3.0 Shields
 + Level 9.6 Spellcasting
 + Level 12.0 Necromancy


You had 14 spell levels left.
You knew the following spells:

 Your Spells              Type           Power      Damage    Failure   Level
a - Necrotise             Necr           100%       1d9       1%          1
b - Vampiric Draining     Necr           62%        2d10      1%          3
c - Animate Dead          Necr           62%        N/A       1%          4
d - Curse of Agony        Necr           62%        N/A       1%          5
e - Fugue of the Fallen   Necr           62%        N/A       1%          3

Your spell library contained the following spells:

 Spells                   Type           Power      Damage    Failure   Level
 Kiss of Death            Conj/Necr      100%       2d13      1%          1
 Sublimation of Blood     Necr           62%        N/A       1%          2
 Dispel Undead            Necr           62%        3d22      1%          4
 Anguish                  Hex/Necr       20%        N/A       4%          4
 Martyr's Knell           Necr/Summ      40%        N/A       4%          4
 Apportation              Tloc           22%        N/A       5%          1
 Magic Dart               Conj           44%        1d5       5%          1
 Shock                    Conj/Air       44%        1d5       5%          1
 Sting                    Conj/Alch      44%        1d5       5%          1
 Summon Small Mammal      Summ           44%        N/A       5%          1
 Blink                    Tloc           22%        N/A       9%          2
 Call Imp                 Summ           22%        N/A       9%          2
 Ensorcelled Hibernation  Hex/Ice        22%        N/A       9%          2
 Jinxbite                 Hex            22%        N/A       9%          2
 Borgnjor's Vile Clutch   Necr/Erth      20%        N/A       13%         5
 Dazzling Flash           Conj/Hex       22%        N/A       17%         3
 Inner Flame              Hex/Fire       11%        N/A       17%         3
 Swiftness                Air            11%        N/A       17%         3
 Volatile Blastmotes      Fire/Tloc      22%        2d11      17%         3
 Airstrike                Air            5%         2d(1-17)  50%         4
 Cause Fear               Hex            5%         N/A       50%         4
 Flame Wave               Conj/Fire      11%        2d6       50%         4
 Sticky Flame             Fire/Alch      11%        2d5       50%         4
 Alistair's Intoxication  Alch           7%         N/A       83%         5
 Starburst                Conj/Fire      5%         6d4       100%        6
 Enfeeble                 Hex            5%         N/A       100%        7
 Malign Gateway           Summ/Tloc      5%         N/A       100%        7
 Summon Hydra             Summ           5%         N/A       100%        7
 Maxwell's Capacitive Co  Air            5%         ∞         100%        8
 Summon Horrible Things   Summ           5%         N/A       100%        8


Dungeon Overview and Level Annotations

Branches:
Dungeon (10/15)            Temple (0/1) D:4            Lair (2/5) D:8
  Swamp (0/4) Lair:2          Orc (0/2) D:10        Ossuary (visited)
  Snake: Lair:2-3    Spider: Lair:2-3

Altars:
Dithmenos
Kikubaaqudgha
Nemelex Xobeh
Okawaru
Ru
Sif Muna
Wu Jian
Xom
Yredelemnul

Shops:
D:6 *

Annotations:
D:3 1 runed translucent door, Tripartite's ghost, amateur MfGl
D:4 2 transporters
D:10 3 runed translucent doors, Consumeair16's ghost, journeyman GnFi
Lair:2 exclusion: oklob plant


Innate Abilities, Weirdness & Mutations

You are mostly covered in large bone plates. (SH +6)
You regenerate magic rapidly.
Spells you cast may paralyse nearby enemies.
You have a sharp stinger which inflicts weakening toxins.


Message History

The elephant closely misses you. The elephant trunk-slaps you.
The elephant closely misses you. You block the elephant's attack.
As you read the scroll of teleportation, it crumbles to dust.
You feel strangely unstable. The elephant misses you.
The elephant closely misses you. You block the elephant's attack.
The elephant trunk-slaps you. The elephant tramples you!
* * * LOW HITPOINT WARNING * * *
You hold your ground!
The elephant misses you. The elephant closely misses you. x2
Casting: Vampiric Draining (safe; 1% risk of failure)
Confirm with . or Enter, or press ? or * to list all spells.
Aiming: Vampiric Draining (safe; 1% risk of failure)
Press: ? - help, Shift-Dir - straight line, f/p - elephant
Aim: an elephant (heavily wounded)
You draw life force from the elephant!
You feel life coursing into your body. Malevolent energies surge around you.
The elephant misses you. The elephant completely misses you.
The elephant closely misses you.
The elephant trunk-slaps you but does no damage.
The elephant tramples you!
* * * LOW HITPOINT WARNING * * *
You hold your ground!
The elephant barely misses you. The elephant tramples you.
* * * LOW HITPOINT WARNING * * *
You hold your ground!
The elephant trunk-slaps you but does no damage.
Casting: Vampiric Draining (safe; 1% risk of failure)
Confirm with . or Enter, or press ? or * to list all spells.
You don't have enough magic to cast this spell.
You hit the elephant. You freeze the elephant.
The elephant is almost dead.
You block the elephant's attack. The elephant trunk-slaps you.
* * * LOW HITPOINT WARNING * * *
The elephant completely misses you. The elephant trunk-slaps you.
* * * LOW HITPOINT WARNING * * *
The elephant tramples you.
* * * LOW HITPOINT WARNING * * *
You hold your ground!
The elephant closely misses you. The elephant barely misses you.
The elephant closely misses you. The elephant tramples you!
You die...
Kikubaaqudgha rasps: "You have failed me!
Welcome... death!"

..##. #......##......##..#######.
...#.###.....#.....<^##..##......
......#......##......##..#.......
..##. .......##.Y....#...........
..# .........Z†.....#..###.....
..# ..............(#....####.##
....P P........####.###...#######
.............##Y###.##P....#..#.#
...............Y@Y......P........
####..#######.P#Y####..##P.#.###.
# ## ###### ########## ##


You could see 4 elephants.

Vanquished Creatures
  A catoblepas (Lair:1)
  A two-headed ogre (D:9)
  Amaemon (Lair:2)
  A bog body (Lair:2)
  Pikel (D:5)
  An elephant (Lair:2)
  2 ugly things
  A black mamba (Lair:2)
  An orange demon (Lair:2)
  An unseen horror (D:10)
  2 cane toads (Lair:2)
  2 komodo dragons
  2 trolls
  2 shadows
  4 wyverns
  2 wraiths
  12 yaks
  6 steam dragons
  6 water moccasins
  2 acid dragons
  A sky beast (D:8)
  9 orc warriors
  5 black bears
  4 wolves (Lair:2)
  5 centaurs
  A kobold brigand (D:9)
  2 phantoms
  12 bullfrogs
  A gnoll sergeant (D:10)
  3 scorpions
  7 wights
  2 burial acolytes (Ossuary)
  14 killer bees
  2 howler monkeys
  3 jellies
  Crazy Yiuf (D:5)
  A centaur zombie (D:7)
  2 bombardier beetles
  A gnoll bouda (D:7)
  7 orc priests
  Jessica (D:3)
  2 iguanas
  2 sleepcaps
  Ijyb (D:3)
  11 orc wizards
  A killer bee zombie (D:7)
  A mummy (D:5)
  Robin (D:3)
  15 gnolls
  11 adders
  A white imp (D:8)
  An ufetubus (D:7)
  2 adder skeletons (Ossuary)
  4 ribbon worms
  12 dart slugs
  43 orcs
  6 endoplasms
  A giant cockroach (D:2)
  19 goblins
  5 hobgoblins
  A jackal (D:1)
  A quokka (D:1)
  9 ball pythons
  A ball python skeleton (Ossuary)
  10 bats
  2 hobgoblin skeletons (Ossuary)
  A hobgoblin zombie (D:5)
  12 kobolds
  3 kobold skeletons (Ossuary)
  An orc skeleton (Ossuary)
  An orc zombie (D:5)
  7 rats
323 creatures vanquished.

Vanquished Creatures (collateral kills)
  A cane toad (Lair:2)
  3 blink frogs (Lair:1)
  2 wolves (Lair:2)
  A bullfrog (Lair:2)
  3 wights (D:9)
  An endoplasm (D:2)
  A jackal (D:1)
  A bat (D:3)
  A frilled lizard (D:1)
  A butterfly (Lair:1)
15 creatures vanquished.

Vanquished Creatures (others)
  A cane toad zombie (Lair:2)
  A sky beast (D:7)
  A kobold brigand (D:7)
  5 wolf zombies (Lair:2)
  A bombardier beetle (D:7)
  An iguana (D:7)
  A steam dragon zombie (Lair:2)
  2 orcs (D:7)
13 creatures vanquished.

Grand Total: 351 creatures vanquished

Notes
Turn   | Place    | Note
-------+----------+-------------------------------------------
     0 | D:1      | PaiMei the Demonspawn Necromancer began the quest for the
                  | Orb.
     0 | D:1      | Reached XP level 1. HP: 13/13 MP: 3/3
    85 | D:1      | Found a faded altar of an unknown god.
   361 | D:1      | Gained mutation: You regenerate magic rapidly. [demonic
                  | ancestry]
   361 | D:1      | Reached XP level 2. HP: 19/19 MP: 0/5
   932 | D:2      | Gained mutation: You have a small tail. [demonic ancestry]
   932 | D:2      | Reached XP level 3. HP: 25/25 MP: 3/6
   936 | D:2      | Learned a level 3 spell: Vampiric Draining
  1049 | D:2      | Reached skill level 1 in Fighting
  1192 | D:2      | Identified the +2 robe of the Lotus Blossom {Int+4}
  1236 | D:2      | Reached XP level 4. HP: 32/32 MP: 7/7
  1615 | D:3      | Reached skill level 5 in Necromancy
  2189 | D:3      | Found a shimmering blue altar of Sif Muna.
  2220 | D:3      | Noticed Jessica
  2231 | D:3      | Killed Jessica
  2232 | D:3      | Reached XP level 5. HP: 27/38 MP: 4/9
  2358 | D:3      | Noticed Robin
  2409 | D:3      | Killed Robin
  2563 | D:3      | Noticed a black bear
  2587 | D:3      | Killed a black bear
  2588 | D:3      | Gained mutation: Spells you cast may paralyse adjacent
                  | enemies. [demonic ancestry]
  2588 | D:3      | Reached XP level 6. HP: 46/46 MP: 0/11
  2716 | D:3      | Noticed Ijyb
  2718 | D:3      | Found a runed translucent door.
  2719 | D:3      | Noticed Tripartite's ghost (amateur MfGl)
  2725 | D:3      | Killed Ijyb
  3012 | D:3      | Found a faded altar of an unknown god.
  3017 | D:3      | Found a sacrificial altar of Ru.
  3440 | D:4      | Found a staircase to the Ecumenical Temple.
  3563 | D:4      | Found a transporter.
  3658 | D:4      | Found a transporter.
  3664 | D:4      | Noticed a fire bat
  3883 | D:4      | Found a shadowy altar of Dithmenos.
  4109 | D:4      | Reached skill level 6 in Necromancy
  4109 | D:4      | Gained mutation: You have a tail ending in a sharp stinger.
                  | [demonic ancestry]
  4109 | D:4      | Reached XP level 7. HP: 52/52 MP: 9/12
  4350 | D:5      | Entered Level 5 of the Dungeon
  4395 | D:5      | Found a sand-covered staircase.
  4446 | Ossuary  | Entered an ossuary
  5393 | D:5      | Gained mutation: You are partially covered in large bone
                  | plates. (SH +4) [demonic ancestry]
  5393 | D:5      | Reached XP level 8. HP: 56/60 MP: 7/15
  5493 | D:5      | Reached skill level 7 in Necromancy
  5550 | D:5      | Reached skill level 5 in Spellcasting
  5708 | D:5      | Noticed Pikel
  5716 | D:5      | Killed Pikel
  5717 | D:5      | Reached skill level 5 in Fighting
  5717 | D:5      | Reached skill level 5 in Dodging
  6201 | D:5      | Found a runed translucent door.
  6202 | D:5      | Noticed Crazy Yiuf
  6209 | D:5      | Killed Crazy Yiuf
  6285 | D:6      | Learned a level 4 spell: Animate Dead
  6291 | D:6      | Learned a level 5 spell: Curse of Agony
  6304 | D:6      | Learned a level 3 spell: Fugue of the Fallen
  6349 | D:6      | Found Gicang's Neck Hole.
  6412 | D:6      | Gained mutation: You have a sharp stinger which inflicts
                  | weakening toxins. [demonic ancestry]
  6412 | D:6      | Reached XP level 9. HP: 68/68 MP: 7/17
  6611 | D:6      | Reached skill level 8 in Necromancy
  7013 | D:7      | Found an ancient bone altar of Kikubaaqudgha.
  7022 | D:7      | Became a worshipper of Kikubaaqudgha
  7056 | D:7      | Found a basalt altar of Yredelemnul.
  8054 | D:7      | Found an iron altar of Okawaru.
  8148 | D:7      | Found a shimmering altar of Xom.
  8162 | D:7      | Reached skill level 9 in Necromancy
  8658 | D:8      | Gained mutation: Spells you cast may paralyse nearby
                  | enemies. [demonic ancestry]
  8658 | D:8      | Reached XP level 10. HP: 79/79 MP: 1/20
  9661 | D:8      | Reached * piety under Kikubaaqudgha
  9661 | D:8      | Received a gift from Kikubaaqudgha
  9818 | D:8      | Found a staircase to the Lair.
  9959 | D:8      | Noticed a brown ugly thing
  9967 | D:8      | Killed a brown ugly thing
 11260 | D:9      | Found an ornate altar of the Wu Jian Council.
 11289 | D:9      | Reached skill level 10 in Necromancy
 11719 | D:9      | Noticed a two-headed ogre
 11719 | D:9      | Noticed a green ugly thing
 11925 | D:9      | Gained mutation: You are mostly covered in large bone
                  | plates. (SH +6) [demonic ancestry]
 11925 | D:9      | Reached XP level 11. HP: 57/87 MP: 12/23
 12031 | D:9      | Killed a green ugly thing
 12040 | D:9      | Killed a two-headed ogre
 12048 | D:9      | Reached ** piety under Kikubaaqudgha
 12262 | D:10     | Entered Level 10 of the Dungeon
 12290 | D:10     | Found a sparkling altar of Nemelex Xobeh.
 12755 | D:10     | Found a staircase to the Orcish Mines.
 13110 | D:10     | Reached skill level 11 in Necromancy
 13307 | D:10     | Found a runed translucent gate.
 13307 | D:10     | Found a runed translucent gate.
 13307 | D:10     | Found a runed translucent gate.
 13328 | D:10     | Noticed Consumeair16's ghost (journeyman GnFi)
 13678 | Lair:1   | Entered Level 1 of the Lair of Beasts
 14174 | Lair:1   | Noticed a catoblepas
 14196 | Lair:1   | Killed a catoblepas
 15173 | Lair:2   | Reached *** piety under Kikubaaqudgha
 15173 | Lair:2   | Received a gift from Kikubaaqudgha
 15177 | Lair:2   | Reached skill level 1 in Shields
 15796 | Lair:2   | Noticed an oklob plant
 15883 | Lair:2   | Noticed Amaemon
 15897 | Lair:2   | Killed Amaemon
 15898 | Lair:2   | Reached XP level 12. HP: 86/97 MP: 2/25
 16005 | Lair:2   | Reached skill level 10 in Fighting
 16101 | Lair:2   | Found a staircase to the Swamp.
 16259 | Lair:2   | Reached skill level 12 in Necromancy
 16291 | Lair:2   | Slain by an elephant

Illustrated notes

Levels and vault maps discovered:
D:1:      psy_arrival_terrarium, layout_loops_ring, basic_ecumenical_altar,
          amcnicky_mini_corridor_feature
D:2:      layout_rooms, minmay_misc_feat_hallway
D:3:      kennysheep_slugbush, layout_loops_corners,
          mainiacjoe_overflow_brackets, nicolae_overflow_ecumenical_swirl,
          ebering_ghost_sewer_d, hangedman_decor_opposing,
          minmay_pentomino_pile, uniq_ijyb, uniq_robin, uniq_jessica
D:4:      gammafunk_cloud_chamber, layout_basic,
          mainiacjoe_overflow_cross_hatched, temple_doors_e
D:5:      layout_loops_ring, nicolae_ossuary_entry_giza, minmay_small_thing,
          uniq_pikel, uniq_crazy_yiuf_cottage
D:6:      layout_rooms, nicolae_shop_sticking_my_neck_out
D:7:      layout_loops_ring, marbit_many_paths, xom_confusion_cloud,
          mainiacjoe_overflow_tiny_flanked, lemuel_zombie_altar_yredelemnul,
          mainiacjoe_overflow_small_starburst, enter_bailey_5
D:8:      wad_cavern_with_rooms, layout_loops_corners,
          grunt_lair_entry_orc_guard_hut
D:9:      cheibrodos_barr_body, layout_layer_cave, mainiacjoe_overflow_boulevard
D:10:     layout_basic, nicolae_overflow_crystal_walls, david_orc_4,
          ebering_ghost_rock_garden
Lair:1:   layout_loops_ring, beast_lair_carwin_5, grunt_megastairs_2,
          lemuel_fruit_fields
Lair:2:   layout_regular_city, skrybe_swamp_entry_bodies, uniq_amaemon

Skill      XL: |  1  2  3  4  5  6  7  8  9 10 11 12 |
---------------+-------------------------------------+-----
Stealth        | 2 |  2.0
Dodging        | 2 3 4 5 6 8 9 |  9.0
Fighting       | 1 2 3 4 5 7 8 9 10 | 10.1
Necromancy     | 5 6 7 9 10 11 12 | 12.0
Spellcasting   | 3 4 5 6 8 9 |  9.6
Shields        | 2 3 |  3.0

Action                     |  1- 3 |  4- 6 |  7- 9 | 10-12 || total
---------------------------+-------+-------+-------+-------++-------
  Melee: Unarmed           |    17 |       |       |       ||    17
         Hand axe          |    16 |    45 |       |       ||    61
         Tailslap          |     1 |     6 |    21 |    59 ||    87
         Flail             |       |     2 |    41 |       ||    43
         Punch             |       |     1 |     4 |     6 ||    11
         Falchion          |       |       |    82 |   303 ||   385
   Cast: Necrotise         |    64 |   162 |   100 |    79 ||   405
         Vampiric Draining |       |     8 |    70 |   202 ||   280
         Fugue of the Fall |       |       |     1 |       ||     1
         Animate Dead      |       |       |       |     3 ||     3
         Curse of Agony    |       |       |       |     2 ||     2
    Use: Potion            |       |       |     1 |     1 ||     2
         Scroll            |       |       |       |    12 ||    12
   Stab: Paralysed         |       |     1 |    11 |    37 ||    49
         Sleeping          |       |       |     4 |     2 ||     6
 Armour: Robe              |    27 |    73 |   133 |   311 ||   544
  Dodge: Dodged            |    31 |    73 |   112 |   413 ||   629
  Block: Other             |       |       |    25 |   114 ||   139
